Map: 2000 Atmospheres LE

Players

TriGGeR

  • Race: Protoss Protoss
  • League: Grandmaster

Namshar - Winner!

  • Race: Zerg Zerg
  • League: Master

Event: DreamHack SC2 Masters 2021 Summer

VOD

Have the link to the VOD?

Description

Time

  • Played on: May 29, 2021, 6:43 p.m.
  • Length: 18:38

All games in this series

Show
View Real Time Build Order
Export as new Build Order

TriGGeR Protoss 

Build Orders: 1 Gate Expand, Zealot Archon 

Get SALT Encoding   

  12  0:00  Probe  
  13  0:12  Probe  
  14  0:19  Pylon  
  14  0:24  Probe  
  15  0:37  Probe (Chrono Boost)  
  15  0:39  Gateway  
  16  0:46  Probe (Chrono Boost)  
  16  0:47  Assimilator  
  17  0:52  Probe  
  18  1:04  Probe  
  19  1:16  Probe  
  20  1:23  Nexus  
  20  1:28  Probe  
  21  1:36  Cybernetics Core  
  21  1:40  Probe  
  21  1:46  Assimilator  
  22  1:51  Pylon  
  22  1:54  Probe  
  23  2:09  Probe (Chrono Boost)  
  23  2:10  Adept (Chrono Boost)  
  26  2:21  Probe (Chrono Boost)  
  27  2:25  Stargate  
  27  2:29  Probe (Chrono Boost)  
  28  2:33  Warp Gate  
  28  2:36  Probe (Chrono Boost)  
  29  2:41  Probe (Chrono Boost)  
  29  2:44  Stalker  
  32  2:45  Probe (Chrono Boost)  
  32  2:49  Probe (Chrono Boost)  
  32  2:50  Probe (Chrono Boost)  
  35  3:00  Probe (Chrono Boost)  
  35  3:02  Probe (Chrono Boost)  
  35  3:03  Void Ray  
  40  3:14  Probe (Chrono Boost)  
  40  3:18  Probe (Chrono Boost)  
  41  3:22  Probe (Chrono Boost)  
  41  3:25  Probe (Chrono Boost)  
  43  3:29  Probe  
  43  3:30  Pylon  
  44  3:36  Probe  
  44  3:37  Gateway  
  44  3:41  Probe  
  46  3:42  Void Ray  
  46  3:48  Probe  
  46  3:54  Probe  
  52  3:58  Nexus  
  52  4:01  Probe  
  53  4:04  Pylon  
  53  4:07  Probe  
  54  4:11  Assimilator  
  54  4:13  Pylon, Assimilator  
  54  4:23  Probe (Chrono Boost)  
  54  4:24  Probe (Chrono Boost), Void Ray  
  56  4:26  Pylon  
  60  4:35  Probe (Chrono Boost)  
  62  4:40  Probe (Chrono Boost)  
  62  4:42  Probe (Chrono Boost)  
  63  4:47  Probe, Twilight Council  
  63  4:48  Forge  
  63  4:49  Probe  
  63  4:52  Shield Battery  
  65  4:59  Gateway  
  66  5:01  Probe x2 (Chrono Boost)  
  66  5:03  Gateway  
  67  5:11  Probe (Chrono Boost)  
  67  5:13  Probe (Chrono Boost), Robotics Facility  
  70  5:15  Protoss Ground Weapons Level 1 (Chrono Boost)  
  70  5:17  Probe (Chrono Boost)  
  70  5:19  Probe (Chrono Boost)  
  70  5:20  Probe (Chrono Boost)  
  72  5:24  Probe x2 (Chrono Boost)  
  72  5:25  Charge (Chrono Boost)  
  75  5:28  Probe  
  75  5:29  Templar Archives  
  75  5:34  Gateway  
  75  5:36  Gateway  
  75  5:37  Probe  
  75  5:38  Probe  
  77  5:44  Probe  
  77  5:45  Assimilator  
  78  5:50  Gateway, Assimilator  
  78  5:54  Adept  
  80  5:58  Gateway  
  80  6:00  Gateway  
  80  6:02  Gateway  
  80  6:06  Warp Prism (Chrono Boost)  
  82  6:14  Gateway  
  82  6:16  Gateway  
  82  6:18  Pylon  
  82  6:26  Pylon  
  82  6:28  High Templar x4, Pylon  
  82  6:29  Zealot  
  92  6:33  Photon Cannon  
  92  6:34  Archon x2  
  92  6:45  Zealot x2  
  96  6:50  Pylon  
  96  6:51  Pylon  
  96  6:58  High Templar x4  
  96  7:00  Zealot x4  
  112  7:02  Archon x2  
  112  7:07  Zealot x2  
  116  7:10  Zealot  
  116  7:11  Zealot  
  116  7:26  Zealot x4  
  116  7:28  Zealot x2  
  112  7:36  High Templar x4, Zealot x2  
  124  7:40  Archon x2  
  124  7:49  Zealot x5  
  124  7:50  Zealot  
  132  7:53  Pylon  
  132  7:54  Pylon  
  132  7:56  Observer  
  133  8:00  Pylon  
  133  8:07  Zealot x4  
  133  8:09  Zealot x2  
  119  8:19  Zealot x5  
  119  8:25  Zealot  
  119  8:26  Psionic Storm  
  115  8:33  Zealot x6  
  115  8:36  High Templar  
  115  8:40  High Templar  
  117  8:42  Zealot x2  
  117  8:46  Archon  
  117  8:47  Zealot x2  
  91  8:56  High Templar x4  
  91  9:02  Shield Battery  
  97  9:03  Shield Battery  
  97  9:05  Zealot x3  
  97  9:09  High Templar  
  105  9:13  High Templar, Zealot x2  
  111  9:19  Stalker  
  113  9:27  Zealot x3  
  113  9:30  Stalker  
  121  9:36  Zealot x2  
  121  9:37  Zealot x2  
  129  9:41  High Templar  
  129  9:42  High Templar  
  129  9:43  Zealot  
  135  9:49  Archon  
  135  9:50  Zealot x4  
  143  9:58  High Templar x2, Zealot x2  
  151  10:03  Archon  
  139  10:14  Zealot  
  139  10:15  Zealot x5  
  139  10:18  Stalker  
  139  10:19  Stalker  
  139  10:39  High Templar x3  
  139  10:40  High Templar  
  139  10:41  Zealot x7  
  155  10:46  Archon  
  153  10:50  Zealot  
  144  11:11  Zealot x7  
  148  11:20  Archon  
  124  11:32  Zealot x9  
  118  11:34  Warp Prism (Chrono Boost)  
  110  11:41  High Templar x3  
  106  11:56  High Templar x5  
  106  11:57  Zealot x4  
  106  12:00  Archon x2  
  118  12:20  Stalker x6  
  118  12:21  Stalker  
  132  12:26  Observer  
  131  12:43  Nexus  
  129  12:48  Immortal (Chrono Boost)  
  133  12:51  Pylon  
  133  12:54  Observer, Robotics Facility  
  133  12:55  High Templar x2  
  133  12:57  Photon Cannon  
  137  13:12  Zealot x4  
  139  13:13  Zealot x2  
  149  13:33  High Templar x4  
  149  13:35  Immortal (Chrono Boost)  
  153  13:45  Zealot x5  
  153  13:47  Observer (Chrono Boost), Protoss Ground Weapons Level 2 (Chrono Boost)  
  162  13:53  Assimilator  
  162  13:57  Assimilator  
  162  14:09  Immortal (Chrono Boost)  
  162  14:12  Immortal (Chrono Boost)  
  160  14:32  Shield Battery  
  160  14:33  Photon Cannon  
  160  14:37  Pylon  
  160  14:39  Immortal (Chrono Boost)  
  164  14:49  Zealot x7  
  166  15:14  Immortal  
  166  15:18  Immortal  
  165  15:28  Pylon  
  153  15:47  Zealot x12  
  168  15:53  Observer  
  153  15:58  Observer  
  131  16:15  Nexus  
  131  16:17  Zealot x5  
  76  16:31  Observer  
  76  16:32  High Templar x7  
  88  16:36  Archon  
  88  16:37  Archon  
  90  16:42  Zealot  
  92  16:50  High Templar x4  
  100  16:54  Archon  
  100  16:55  Archon  
  100  17:00  Probe x3  
  103  17:12  Probe  
  103  17:14  Immortal (Chrono Boost)  
  104  17:15  Immortal (Chrono Boost)  
  104  17:21  Probe x2  
  114  17:23  Pylon  
  114  17:31  Photon Cannon  
  114  17:39  Probe x2  
  114  17:40  Probe  
  114  17:41  Probe  
  114  17:43  High Templar x5  
  128  17:44  High Templar  
  128  17:47  Archon  
  128  17:48  Archon x2  
  128  17:51  Observer  
  129  17:53  Observer  
  131  18:02  High Templar x2  
  131  18:03  Zealot x4  
  111  18:22  Zealot x6  
Show
View Real Time Build Order
Export as new Build Order

Namshar Zerg - Winner!

Build Orders: Hatch First, Lurkers, Roach Hydra 

Get SALT Encoding   

  12  0:00  Drone  
  13  0:12  Overlord  
  13  0:16  Drone  
  14  0:30  Drone x2  
  16  0:46  Hatchery  
  15  0:50  Drone  
  15  0:54  Drone  
  18  0:57  Drone  
  18  1:08  Drone  
  19  1:15  Extractor  
  18  1:19  Drone, Spawning Pool  
  18  1:28  Drone  
  19  1:39  Drone  
  20  1:48  Overlord  
  20  2:05  Queen x2  
  20  2:06  Zergling x4  
  26  2:12  Drone x2  
  28  2:18  Metabolic Boost  
  28  2:23  Drone  
  28  2:24  Drone  
  30  2:37  Hatchery  
  30  2:39  Drone  
  30  2:42  Drone  
  30  2:43  Drone  
  32  2:50  Overlord  
  31  2:59  Drone  
  31  3:03  Spore Crawler  
  32  3:05  Drone x3  
  32  3:11  Queen  
  37  3:15  Drone x5  
  42  3:22  Drone x2  
  42  3:25  Overlord  
  42  3:26  Overlord  
  43  3:40  Drone  
  43  3:41  Overlord  
  44  3:47  Drone x2  
  44  3:48  Queen  
  46  3:49  Queen  
  46  3:52  Drone x5  
  55  4:00  Overlord  
  55  4:01  Drone  
  56  4:03  Drone  
  57  4:10  Spore Crawler  
  57  4:11  Drone x2  
  57  4:16  Roach Warren  
  57  4:17  Zergling x2, Evolution Chamber  
  57  4:22  Drone  
  57  4:23  Drone x6  
  64  4:29  Lair  
  64  4:30  Drone  
  65  4:32  Overlord  
  65  4:35  Drone  
  65  4:36  Extractor, Spore Crawler  
  65  4:37  Extractor  
  63  4:44  Spore Crawler  
  63  4:45  Extractor, Overlord  
  60  4:46  Drone x2  
  60  4:47  Zerg Missile Weapons Level 1  
  60  4:52  Drone x3  
  65  4:54  Drone  
  65  4:57  Zergling x4  
  65  4:58  Drone, Zergling x2  
  65  4:59  Drone  
  71  5:06  Queen  
  73  5:07  Drone x5  
  78  5:17  Pneumatized Carapace  
  78  5:18  Extractor  
  78  5:20  Extractor  
  76  5:26  Drone x5  
  81  5:35  Drone, Glial Reconstitution  
  82  5:36  Hydralisk Den  
  82  5:37  Hatchery  
  82  5:38  Drone x2  
  82  5:48  Queen  
  84  5:52  Drone  
  85  6:02  Drone  
  85  6:03  Drone, Queen, Spore Crawler  
  88  6:05  Spore Crawler  
  88  6:10  Grooved Spines  
  88  6:11  Queen  
  86  6:16  Drone  
  86  6:17  Drone x8, Overseer  
  97  6:23  Overlord x5  
  97  6:31  Evolution Chamber  
  96  6:33  Overlord x2  
  96  6:37  Drone  
  97  6:43  Hydralisk  
  97  6:44  Hydralisk x6  
  97  6:47  Hydralisk  
  111  6:52  Hydralisk x3  
  119  6:56  Zerg Missile Weapons Level 2  
  119  6:57  Zerg Ground Armor Level 1  
  119  7:00  Queen  
  119  7:01  Hydralisk x3  
  127  7:09  Hydralisk x5  
  137  7:17  Evolution Chamber  
  137  7:19  Evolution Chamber  
  137  7:21  Muscular Augments  
  134  7:27  Hydralisk  
  134  7:28  Hydralisk x5  
  143  7:33  Hydralisk x2  
  147  7:45  Hydralisk x4  
  147  7:51  Overlord x3  
  154  8:08  Hydralisk x7  
  139  8:13  Roach x3  
  129  8:22  Roach  
  129  8:23  Roach x4  
  137  8:28  Roach  
  137  8:29  Roach x2  
  135  8:37  Roach x3  
  136  8:42  Roach x2  
  126  8:50  Drone x9, Queen  
  126  8:55  Drone x3  
  140  9:06  Queen  
  140  9:08  Extractor, Hydralisk x4  
  140  9:09  Extractor  
  148  9:14  Spore Crawler  
  147  9:18  Hydralisk x4  
  155  9:29  Queen  
  157  9:33  Queen  
  157  9:37  Drone  
  157  9:38  Hydralisk x6  
  172  9:46  Queen  
  172  9:47  Drone  
  172  9:48  Drone x5  
  172  9:50  Overlord  
  180  9:54  Lurker Den  
  180  9:57  Drone, Infestation Pit  
  180  9:58  Drone  
  180  9:59  Drone  
  181  10:00  Drone  
  181  10:04  Hydralisk  
  183  10:17  Hydralisk x4  
  177  10:32  Hydralisk x8  
  179  10:44  Hydralisk x4  
  179  10:46  Overlord  
  179  10:47  Ravager  
  188  10:53  Ravager x2  
  190  11:00  Hydralisk  
  178  11:21  Hydralisk x7  
  161  11:33  Hydralisk x8  
  163  11:47  Hydralisk x4  
  169  11:59  Queen  
  169  12:00  Queen x2  
  169  12:01  Queen  
  175  12:06  Drone x7  
  182  12:08  Drone x2  
  182  12:13  Lurker x2  
  182  12:14  Lurker x2  
  188  12:17  Lurker  
  189  12:24  Spine Crawler x2  
  189  12:25  Spore Crawler  
  186  12:33  Overseer  
  186  12:35  Queen  
  186  12:36  Queen  
  190  12:45  Hive  
  190  12:46  Zerg Ground Armor Level 2  
  190  12:49  Lurker  
  190  12:50  Lurker  
  192  12:57  Drone  
  192  12:58  Drone x4, Spine Crawler  
  197  12:59  Spine Crawler  
  197  13:01  Spine Crawler  
  194  13:09  Spine Crawler  
  194  13:12  Spine Crawler  
  192  13:15  Lurker  
  192  13:16  Lurker x4  
  197  13:48  Hatchery  
  196  13:56  Drone x4  
  196  13:58  Zerg Missile Weapons Level 3  
  196  13:59  Seismic Spines  
  200  14:22  Overseer  
  200  14:30  Overseer  
  200  14:47  Extractor  
  200  14:50  Extractor  
  200  14:51  Lurker  
  199  14:57  Adaptive Talons  
  191  15:13  Lurker x4  
  191  15:14  Lurker x2  
  192  15:32  Lurker  
  192  15:33  Lurker x2  
  183  15:44  Lurker x2  
  183  15:45  Hydralisk x2  
  189  15:50  Overlord x3  
  178  15:58  Hydralisk x2  
  178  16:00  Drone x4  
  182  16:15  Hydralisk x12  
  182  16:18  Drone x12  
  181  16:24  Hydralisk x17  
  175  16:40  Extractor  
  174  16:49  Lurker x8  
  182  16:55  Spine Crawler  
  182  16:57  Hatchery, Spine Crawler x2  
  182  16:58  Extractor, Spine Crawler  
  182  16:59  Extractor  
  175  17:06  Drone x3  
  175  17:07  Spore Crawler  
  177  17:09  Lurker x5  
  177  17:12  Overseer  
  182  17:25  Overlord x2  
  182  17:26  Overseer  
  182  17:42  Lurker x3  
  182  17:43  Lurker x3  
  182  17:44  Hatchery, Hydralisk  
  187  17:45  Hydralisk x4  
  187  17:50  Spine Crawler  
  196  18:07  Overseer x2  
Tags
 
Add a new tag
Caveats
  • Supply blocks, unpowered buildings, or Contaminate may cause inaccurate times.
  • Supply counts are checked every 10 seconds.